 Dungeon Crawl Stone Soup version 0.27.1-1-g398f81649c (webtiles) character file.

Game seed: 7565017549388223770

802 Descartes the Sneak (level 7, 0/36 HPs)
             Began as a Deep Elf Venom Mage on Sept 5, 2021.
             Slain by a water moccasin skeleton (7 damage)
             ... on level 5 of the Dungeon.
             The game lasted 00:19:51 (6272 turns).

Descartes the Sneak (Deep Elf Venom Mage)           Turns: 6272, Time: 00:19:51

Health: 0/36       AC:  4    Str:  5    XL:     7   Next: 59%
Magic:  16/16      EV: 13    Int: 22    God:
Gold:   22         SH:  4    Dex: 15    Spells: 11/16 levels left

rFire    + . .     SeeInvis .   a - +0 rapier
rCold    . . .     Faith    .   h - +0 buckler
rNeg     . . .     Spirit   .   y - +2 robe {rF+}
rPois    .         Reflect  .   (no helmet)
rElec    .         Harm     .   (no cloak)
rCorr    .         Rampage  .   (no gloves)
Will     .....                  (no boots)
Stlth    +++.......             (no amulet)
HPRegen  0.12/turn              (no ring)
MPRegen  0.15/turn              (no ring)

@: no status effects
A: no striking features
a: no special abilities


You were on level 5 of the Dungeon.
You visited 1 branch of the dungeon, and saw 5 of its levels.

You collected 237 gold pieces.
You spent 215 gold pieces at shops.

Inventory:

Hand Weapons
 a - a +0 rapier (weapon)
 d - a +0 dagger
 t - a +0 hunting sling
Missiles
 b - 83 bolts
 c - 111 stones
 r - 8 poisoned darts
 w - 14 arrows
Armour
 f - a +3 leather armour of cold resistance
 h - a +0 buckler (worn)
 y - a +2 robe of fire resistance (worn)
Jewellery
 o - an amulet of faith
Scrolls
 e - 4 scrolls of teleportation
 g - 2 scrolls of vulnerability {unknown}
 k - a scroll of brand weapon {unknown}
 l - 2 scrolls of enchant weapon
 n - a scroll of blinking {unknown}
 p - 3 scrolls of magic mapping
 q - 2 scrolls of enchant armour {unknown}
 s - a scroll of immolation
 u - a scroll of amnesia
 v - a scroll of fog
Potions
 i - a potion of haste
 m - 2 potions of curing
 x - a potion of ambrosia {unknown}


   Skills:
 + Level 4.7 Dodging
 + Level 5.2 Stealth
 + Level 2.4 Shields
 - Level 5.0 Spellcasting
 + Level 4.2 Transmutations
 + Level 5.1 Poison Magic


You had 11 spell levels left.
You knew the following spells:

 Your Spells              Type           Power      Damage    Failure   Level
a - Sting                 Tmut/Pois      100%       1d8       1%          1
b - Olgreb's Toxic Radia  Pois           27%        N/A       16%         4

Your spell library contained the following spells:

 Spells                   Type           Power      Damage    Failure   Level
 Poisonous Vapours        Pois/Air       32%        N/A       7%          2
 Summon Small Mammal      Summ           20%        N/A       12%         1
 Corpse Rot               Necr/Air       N/A        N/A       19%         2
 Mephitic Cloud           Conj/Pois/Air  12%        N/A       19%         3
 Call Canine Familiar     Summ           5%         N/A       36%         3
 Ozocubu's Armour         Ice            5%         N/A       36%         3
 Summon Guardian Golem    Hex/Summ       5%         N/A       36%         3
 Freezing Cloud           Conj/Ice/Air   2%         6-21      98%         5
 Metabolic Englaciation   Hex/Ice        2%         N/A       98%         5
 Simulacrum               Ice/Necr       2%         N/A       100%        6


Dungeon Overview and Level Annotations

Branches:
Dungeon (5/15)
 Temple: D:4-7

Altars:
Dithmenos
Elyvilon
Fedhas
Kikubaaqudgha
Okawaru
Sif Muna
Wu Jian
The Shining One

Shops:
D:4 ?

Annotations:
D:5 exclusion: Sigmund


Message History

The water moccasin skeleton bites you.
You shoot a stone.
The stone hits the water moccasin skeleton.
The water moccasin skeleton is moderately damaged.
The water moccasin skeleton bites you.
a - a +0 rapier (weapon)
The water moccasin skeleton bites you.
You hit the water moccasin skeleton.
The water moccasin skeleton is heavily damaged.
The water moccasin skeleton barely misses you.
The water moccasin skeleton misses you.
You hit the water moccasin skeleton.
The water moccasin skeleton is heavily damaged.
The water moccasin skeleton bites you.
You hit the water moccasin skeleton.
The water moccasin skeleton is severely damaged.
The water moccasin skeleton barely misses you.
The water moccasin skeleton bites you.
You barely miss the water moccasin skeleton.
The water moccasin skeleton is severely damaged.
The water moccasin skeleton bites you but does no damage.
You hit the water moccasin skeleton.
The water moccasin skeleton is severely damaged.
The water moccasin skeleton barely misses you.
The water moccasin skeleton bites you.
You hit the water moccasin skeleton.
The water moccasin skeleton is severely damaged.
The water moccasin skeleton bites you.
* * * LOW HITPOINT WARNING * * *
You hit the water moccasin skeleton but do no damage.
The water moccasin skeleton is severely damaged.
The water moccasin skeleton misses you.
The water moccasin skeleton bites you but does no damage.
You hit the water moccasin skeleton.
The water moccasin skeleton is almost destroyed.
The water moccasin skeleton misses you.
You hit the water moccasin skeleton.
The water moccasin skeleton is almost destroyed.
The water moccasin skeleton bites you!
You die...

#.........#.#........#
#.........#.#........#
#@........#.#........#
### ..#
#.........#.#........#
#.. ..#
##....##....#........#
#.# ..# ...
#....#........# #.#
..# ##
....##....#........#
#.# ..+...#
............########
#.. ..##.###
...#+#.@....########
#.# ..'..... ...#
#..Z...##.....#####
..##.# #.#.#
#.)....##.....#≈≈≈≈
...#.####'..#
#......##.....#≈#..
.#.#.#.....#
##............#≈...
.#.........#
#............'....
.###.#.....#
#.....[......#≈...
^##........#
#.......(....#≈#..
.##........##
##...†.....####≈≈≈≈


You could see a water moccasin skeleton.

Vanquished Creatures
  Sigmund (D:5)
  Eustachio (D:5)
  A sky beast (D:5)
  A howler monkey (D:5)
  A hound (D:4)
  2 jellies (D:5)
  3 iguanas
  11 adders
  An ufetubus (D:5)
  An adder skeleton (D:4)
  3 worms
  A dart slug (D:4)
  2 orcs (D:3)
  4 bats (D:1)
  6 endoplasms
  4 giant cockroaches
  9 goblins
  16 hobgoblins
  4 quokkas
  11 ball pythons
  4 frilled lizards (D:1)
  10 kobolds
  4 rats
101 creatures vanquished.

Vanquished Creatures (others)
  3 plants (D:3)
3 creatures vanquished.

Grand Total: 104 creatures vanquished

Notes
Turn   | Place    | Note
-------+----------+-------------------------------------------
     0 | D:1      | Descartes the Deep Elf Venom Mage began the quest for the
                  | Orb.
     0 | D:1      | Reached XP level 1. HP: 10/10 MP: 6/6
   232 | D:1      | Reached XP level 2. HP: 14/15 MP: 4/8
   736 | D:1      | You fall into a shaft and drop 1 floor!
   949 | D:1      | Reached XP level 3. HP: 19/19 MP: 5/9
  1370 | D:2      | Found a faded altar of an unknown god.
  1607 | D:2      | Found an ornate altar of the Wu Jian Council.
  1685 | D:2      | Reached XP level 4. HP: 5/24 MP: 7/11
  2132 | D:2      | You fall into a shaft and drop 2 floors!
  2433 | D:4      | Reached XP level 5. HP: 9/28 MP: 8/13
  2789 | D:3      | Found a glowing golden altar of the Shining One.
  2866 | D:3      | Found a shimmering blue altar of Sif Muna.
  2867 | D:3      | Found an iron altar of Okawaru.
  3003 | D:3      | Reached skill level 1 in Shields
  3230 | D:2      | Learned a level 4 spell: Olgreb's Toxic Radiance
  3481 | D:3      | Found a blossoming altar of Fedhas.
  3484 | D:3      | Found an ancient bone altar of Kikubaaqudgha.
  3812 | D:3      | Found a shadowy altar of Dithmenos.
  4767 | D:4      | Found a white marble altar of Elyvilon.
  4781 | D:4      | Found Diatwiagyl's Magic Scroll Emporium.
  4832 | D:4      | Bought a scroll of teleportation for 30 gold pieces
  4832 | D:4      | Bought a scroll of magic mapping for 35 gold pieces
  4832 | D:4      | Bought a scroll of identify for 20 gold pieces
  4832 | D:4      | Bought a scroll of amnesia for 35 gold pieces
  4832 | D:4      | Bought a scroll of fog for 20 gold pieces
  4847 | D:4      | Reached XP level 6. HP: 32/32 MP: 10/14
  5217 | D:4      | Bought a scroll of enchant weapon for 75 gold pieces
  5219 | D:5      | Entered Level 5 of the Dungeon
  5567 | D:5      | Noticed Sigmund
  5579 | D:5      | Noticed a sky beast
  5606 | D:5      | Killed a sky beast
  5899 | D:5      | Noticed Eustachio
  6032 | D:5      | Reached XP level 7. HP: 36/36 MP: 13/16
  6082 | D:5      | Killed Sigmund
  6083 | D:5      | Reached skill level 5 in Spellcasting
  6138 | D:5      | Killed Eustachio
  6139 | D:5      | Reached skill level 5 in Stealth
  6139 | D:5      | Reached skill level 5 in Poison Magic
  6272 | D:5      | Slain by a water moccasin skeleton

Illustrated notes

Levels and vault maps discovered:
D:1:      minmay_arrival_up_and_down, layout_basic
D:2:      layout_loops_ring, shapermc_ecumenical_altar_venn, basic_altar,
          minmay_heptomino_w4
D:3:      corexii_shack_village, layout_loops_ring,
          grunt_temple_overflow_growth_and_decay,
          mainiacjoe_overflow_large_starburst, overflow_temple_1_default,
          lemuel_crystal_altar, kennysheep_pointless_box,
          minmay_misc_feat_cross, st_stairs_2, moated_statue
D:4:      cheibrodos_helix_gallery, layout_cave_pools,
          mainiacjoe_overflow_alcove_4, serial_shops, shop,
          hangedman_decor_peaks_small, grunt_decor_arrowhead,
          chequers_serial_rivers_room_a, chequers_serial_rivers_small_3,
          minmay_misc_feat_doors
D:5:      layout_basic, mainiacjoe_overflow_surrounded_room,
          mainiacjoe_overflow_cross_hatched, kennysheep_small_square,
          uniq_grinder, uniq_eustachio, uniq_sigmund, uniq_crazy_yiuf_cottage

Skill      XL: |  1  2  3  4  5  6  7 |
---------------+----------------------+-----
Stealth        | 3 4 5 |  5.2
Dodging        | 3 4 |  4.7
Transmutations | 2 3 4 |  4.2
Poison Magic   | 4 5 |  5.1
Spellcasting   | 4 5 |  5.0
Shields        | 1 2 |  2.4

Action                   |  1- 3 |  4- 6 |  7- 9 || total
-------------------------+-------+-------+-------++-------
Melee: Dagger            |       |     6 |       ||     6
       Rapier            |       |       |     9 ||     9
 Fire: Hunting sling     |       |    26 |    17 ||    43
 Cast: Sting             |    76 |   142 |    10 ||   228
  Use: Scroll            |       |     3 |       ||     3
Armor: Robe              |     3 |       |     4 ||     7
       Leather armour    |     6 |    17 |     1 ||    24
Dodge: Dodged            |    24 |    47 |     8 ||    79
Block: Buckler           |       |       |     4 ||     4
